 Dungeon Crawl Stone Soup version 0.18-a0-1800-gdc7a371 (webtiles) character file.

234 Melicamp the Skirmisher (level 6, -1/66 HPs)
             Began as an Ogre Monk on Apr 24, 2016.
             Was an Initiate of Ru.
             Slain by Yehuk's ghost (3 damage)
             ... on level 3 of the Dungeon.
             The game lasted 00:36:20 (4610 turns).

Melicamp the Skirmisher (Ogre Monk)                 Turns: 4610, Time: 00:36:21

Health: -1/66      AC:  3    Str: 19    XL:     6   Next: 5%
Magic:  2/2        EV: 11    Int:  9    God:    Ru [......]
Gold:   140        SH:  0    Dex: 12    Spells: 0 memorised, 5 levels left

rFire  . . .     SeeInvis .     e - +0 hand axe (antimagic)
rCold  . . .     Gourm    .     l - +0 robe
rNeg   . . .     Faith    .     (no shield)
rPois  .         Spirit   .     (helmet restricted)
rElec  .         Dismiss  .     (no cloak)
rCorr  .         Reflect  .     (gloves unavailable)
SustAt .         Harm     +     (boots unavailable)
MR     .....                    h - amulet of harm
Stlth  +.........               (no ring)
                                (no ring)

@: drained, not resistant to hostile enchantments, very unstealthy
A: unfitting armour, tough skin 1, no device heal 1
a: Renounce Religion


You were on level 3 of the Dungeon.
You worshipped Ru.
Ru was noncommittal.
You were not hungry.

You visited 1 branch of the dungeon, and saw 3 of its levels.
You also visited: Sewer.

You collected 140 gold pieces.

Inventory:

Hand Weapons
 e - a +0 antimagic hand axe (weapon)
Missiles
 d - 34 stones (quivered)
Armour
 i - a cursed +0 shield
 l - a +0 robe (worn)
Jewellery
 h - an amulet of harm (around neck)
 j - an uncursed ring of protection from fire {unknown}
Scrolls
 a - a scroll of fear {unknown}
 b - 4 scrolls of teleportation {unknown}
 g - a scroll of enchant weapon
 m - a scroll of identify
 s - a scroll of magic mapping {unknown}
 u - a scroll of random uselessness {unknown}
 w - a scroll of immolation {unknown}
Potions
 c - a potion of flight
 f - a potion of lignification {unknown}
 k - a potion of mutation
 n - a potion of might {unknown}
 o - 4 potions of curing {unknown}
 p - a potion of magic {unknown}
 q - 2 potions of haste {unknown}
 r - 3 potions of heal wounds {unknown}
 t - a potion of brilliance {unknown}
Comestibles
 v - a meat ration


   Skills:
 + Level 5.0(3.9) Fighting
 + Level 0.1(0.0) Axes
 * Level 5.0(3.8) Dodging
 - Level 1.5(0.5) Stealth
 + Level 4.2(3.1) Unarmed Combat


You had 5 spell levels left.
You didn't know any spells.

Dungeon Overview and Level Annotations

Branches:
Dungeon (3/15)

Altars:
Ru

Annotations:
D:3 Yehuk's ghost, amateur DESk


Innate Abilities, Weirdness & Mutations

You are too large for most types of armour.
You have tough skin (AC +1).
Potions and wands are less effective at restoring your health.


Message History

Yehuk's ghost hits you but does no damage.
You closely miss Yehuk's ghost. Yehuk's ghost hits you. x2
* * * LOW HITPOINT WARNING * * *
You hit Yehuk's ghost but do no damage. Yehuk's ghost hits you.
* * * LOW HITPOINT WARNING * * *
You miss Yehuk's ghost. Yehuk's ghost hits you.
* * * LOW HITPOINT WARNING * * *
You closely miss Yehuk's ghost. Yehuk's ghost barely misses you.
Yehuk's ghost hits you but does no damage.
You miss Yehuk's ghost. Yehuk's ghost hits you!
* * * LOW HITPOINT WARNING * * *
You hit Yehuk's ghost.
Yehuk's ghost's magic leaks into the air.
Yehuk's ghost is lightly damaged.
Yehuk's ghost barely misses you.
You hit Yehuk's ghost.
Yehuk's ghost's magic leaks into the air.
Yehuk's ghost is lightly damaged.
Yehuk's ghost hits you.
You die...

##################
#.........rlW@...# ########
####.###..#########.######.....^.
#........$# #...............####.
#.#.#####...........######..#
#.#.# #.....#####.# #..#####
#.#.# #.##### #.# #......W #.#.#
#.# #.# #.###### ....#####.#...
#.# #.# #.#...........### #..#
##.##


You could see Yehuk's ghost, a giant newt and a rat.

Vanquished Creatures
  The ghost of RatWanderer the Cudgeler, an amateur DsWn (Sewer)
  4 adders
  A worm (D:2)
  A dart slug (D:1)
  3 giant geckos (D:3)
  5 giant cockroaches
  6 goblins
  8 hobgoblins
  13 jackals
  A quokka (D:3)
  4 ball pythons
  2 bats (D:1)
  7 giant newts
  6 kobolds
  A quokka skeleton (D:2)
  5 rats (D:1)
  13 plants (Sewer)
  A withered plant (D:2)
82 creatures vanquished.

Vanquished Creatures (others)
  A plant (Sewer)
1 creature vanquished.

Grand Total: 83 creatures vanquished

Notes
Turn   | Place    | Note
--------------------------------------------------------------
     0 | D:1      | Melicamp the Ogre Monk began the quest for the Orb.
     0 | D:1      | Reached XP level 1. HP: 24/24 MP: 1/1
   269 | D:1      | Reached XP level 2. HP: 32/32 MP: 2/2
   791 | D:1      | Reached XP level 3. HP: 29/39 MP: 3/3
  1145 | D:2      | Found a sacrificial altar of Ru.
  1188 | D:2      | Became a worshipper of Ru the Awakened
  1198 | D:2      | Gained mutation: Potions and wands are less effective at restoring your health. [Ru sacrifice]
  1782 | D:2      | You fall through a shaft!
  1904 | D:3      | Found a glowing drain.
  1921 | Sewer    | Entered a sewer
  1921 | Sewer    | Noticed RatWanderer's ghost (amateur DsWn)
  1951 | Sewer    | Killed RatWanderer's ghost
  1951 | Sewer    | Reached XP level 4. HP: 20/49 MP: 1/4
  1951 | Sewer    | Reached XP level 5. HP: 22/55 MP: 1/5
  4083 | D:3      | Reached skill level 5 in Fighting
  4210 | D:3      | Reached skill level 5 in Dodging
  4210 | D:3      | Reached XP level 6. HP: 60/66 MP: 2/6
  4478 | D:3      | Noticed Yehuk's ghost (amateur DESk)
  4608 | D:3      | HP: 1/66 [Yehuk's ghost (10)]
  4610 | D:3      | Slain by Yehuk's ghost

Vault maps used:
D:1:      dpeg_arrival_rooms_b
D:2:      lemuel_upstairs_altar, nicolae_overflow_crystal_walls,
          nicolae_tso_carved_into_rock, grunt_dithmenos_smoke, serial_undead,
          serial_undead_b, serial_undead_e, serial_undead_c, serial_undead_b,
          serial_undead_d, uniq_robin
D:3:      gup_sewer_entry_pipe
Sewer:    sewer_co_scattered_pipes

Skill      XL: |  1  2  3  4  5 |
---------------+----------------+-----
Dodging        | 3 4 5 |  5.0
Unarmed Combat | 4 |  4.2
Fighting       | 5 |  5.0
Axes           | |  0.1
Stealth        | |  1.5

Action                   |  1- 3 |  4- 6 || total
-------------------------+-------+-------++-------
Melee: Unarmed           |   101 |       ||   101
       Punch             |     4 |    21 ||    25
       Hand axe          |   101 |   549 ||   650
 Fire: Hunting sling     |     2 |       ||     2
Throw: Stone             |    22 |    10 ||    32
Invok: Sacrifice Purity  |     1 |       ||     1
  Use: Scroll            |     6 |       ||     6
 Stab: Sleeping          |     1 |       ||     1
  Eat: Bread ration      |     1 |       ||     1
       Meat ration       |       |     2 ||     2
Armor: Robe              |    50 |    40 ||    90
Dodge: Dodged            |    83 |    78 ||   161
